 Dungeon Crawl Stone Soup version 0.27.0-1-g7a089689b8 (webtiles) character file.

Game seed: 4475834191479944592

8673 freelancePsychic the Martial Artist (level 11, -4/95 HPs)
             Began as a Yellow Draconian Transmuter on Aug 12, 2021.
             Was an Initiate of Ru.
             Killed from afar by a steam dragon (14 damage)
             ... with a ball of steam
             ... on level 8 of the Dungeon.
             The game lasted 00:24:50 (13144 turns).

freelancePsychic the Martial Artist (DrTm)         Turns: 13144, Time: 00:24:50

Health: -4/95      AC: 11    Str: 18    XL:     11   Next: 13%
Magic:  14/14      EV: 15    Int: 17    God:    Ru [......]
Gold:   698        SH:  0    Dex: 12    Spells: 6/14 levels left

rFire    . . .     SeeInvis .     - Unarmed
rCold    . . .     Faith    .   (no shield)
rNeg     . . .     Spirit   .   (armour unavailable)
rPois    .         Reflect  .   o - +2 hat
rElec    .         Harm     .   p - +0 cloak
rCorr    +         Rampage  .   (no gloves)
Will     .....                  w - +0 pair of boots
Stlth    ..........             (no amulet)
HPRegen  0.25/turn              j - +6 ring of strength
MPRegen  0.14/turn              (no ring)

@: mighty
A: spit acid, AC +7, unfitting armour, cold-blooded, no stealth, acid resistance
a: Breathe Acid, Renounce Religion


You were on level 8 of the Dungeon.
You worshipped Ru.
Ru was noncommittal.
You visited 2 branches of the dungeon, and saw 10 of its levels.

You collected 698 gold pieces.

Inventory:

Armour
 o - a +2 hat (worn)
 p - a +0 cloak (worn)
 w - a +0 pair of boots (worn)
Jewellery
 j - a +6 ring of strength (left hand)
 v - an amulet of reflection
Wands
 k - a wand of mindburst (15)
 n - a wand of iceblast (7)
 t - a wand of polymorph (9)
Scrolls
 a - 4 scrolls of enchant weapon
 g - 2 scrolls of amnesia
 l - a scroll of vulnerability {unknown}
 q - 2 scrolls of summoning {unknown}
 r - a scroll of fog {unknown}
Potions
 b - a potion of degeneration {unknown}
 d - a potion of cancellation {unknown}
 e - a potion of lignification
 f - a potion of might
 h - 4 potions of mutation {unknown}
 i - 3 potions of curing {@q1}
 m - 3 potions of attraction {unknown}
 s - a potion of brilliance {unknown}
 u - 2 potions of invisibility {unknown}


   Skills:
 + Level 8.3 Fighting
 + Level 8.5 Dodging
 + Level 9.7 Unarmed Combat
 - Level 2.0 Spellcasting
 - Level 7.4 Transmutations
 - Level 4.4 Ice Magic
 - Level 2.0 Poison Magic


You had 6 spell levels left.
You knew the following spells:

 Your Spells              Type           Power      Damage    Failure   Level
a - Beastly Appendage     Tmut           54%        N/A       1%          1
b - Spider Form           Tmut/Pois      8%         N/A       9%          3
c - Ice Form              Ice/Tmut       22%        N/A       17%         4

Your spell library contained the following spells:

 Spells                   Type           Power      Damage    Failure   Level
 Wereblood                Tmut           27%        N/A       1%          2
 Pain                     Necr           4%         1d4       19%         1
 Sublimation of Blood     Necr           0%         N/A       28%         2
 Gell's Gravitas          Tloc           0%         N/A       50%         3
 Teleport Other           Tloc           1%         N/A       50%         3
 Tukima's Dance           Hex            1%         N/A       50%         3
 Yara's Violent Unravell  Hex/Tmut       7%         3d5       75%         5
 Cause Fear               Hex            0%         N/A       88%         4
 Passage of Golubria      Tloc           N/A        N/A       88%         4
 Agony                    Necr           1%         N/A       99%         5
 Excruciating Wounds      Necr           0%         N/A       99%         5
 Conjure Ball Lightning   Conj/Air       0%         3x3d6     100%        6
 Dispersal                Tloc           0%         N/A       100%        6
 Dragon Form              Tmut           13%        N/A       100%        7
 Summon Hydra             Summ           0%         N/A       100%        7
 Discord                  Hex            0%         N/A       100%        8
 Disjunction              Tloc           0%         N/A       100%        8
 Dragon's Call            Summ           0%         N/A       100%        9


Dungeon Overview and Level Annotations

Branches:
Dungeon (9/15)             Temple (1/1) D:4
   Lair: D:8-11         Orc: D:9-12

Altars:
Cheibriados
Dithmenos
Elyvilon
Fedhas
Gozag
Kikubaaqudgha
Makhleb
Nemelex Xobeh
Okawaru
Qazlal
Ru
Sif Muna
Trog
Vehumet
Wu Jian
Xom
Yredelemnul
Zin
The Shining One

Shops:
D:3 *

Annotations:
D:7 3 runed translucent doors, pkoi's ghost, novice MiMo


Innate Abilities, Weirdness & Mutations

You can spit globs of acid.
Your golden yellow scales are hard. (AC +7)
You cannot fit into any form of body armour.
You are cold-blooded and may be slowed by cold attacks.
You cannot be stealthy.
You are resistant to acid. (rCorr)


Message History

Aim: Harold, wielding a +0 dire flail and wearing a +2 scale mail of cold resistance (almost dead, poisoned)
The mass of ice explodes!
The iceblast engulfs Harold!
Harold partially resists.
You kill Harold!
A steam dragon is nearby!
A wyvern zombie comes into view.
You see here a throwing net.
Unknown command.
As you read the scroll of teleportation {@r4}, it crumbles to dust.
You feel strangely unstable. The wyvern zombie barely misses you.
You see here a throwing net.
Your surroundings suddenly seem different.
An orc warrior comes into view. It is wielding a +0 battleaxe.
Found a stone staircase leading down.
There is a stone staircase leading down here.
You climb downwards.
An acid dragon and an orc priest come into view.
The acid dragon roars!
The orc priest shouts!
You hear a shout! x2
Found a blackened emerald ring.
Found a stone staircase leading down.
There is a stone staircase leading up here.
The orc priest barely misses you.
You climb upwards.
The orc priest mumbles some strange prayers to Beogh against you.
Beogh smites you!
* * * LOW HITPOINT WARNING * * *
An orc priest comes into view. It is wielding a +0 whip.
There is a stone staircase leading down here.
As you read the scroll of teleportation {@r4}, it crumbles to dust.
You feel strangely unstable.
The orc priest looks braver for a moment.
The orc priest casts a cantrip, but nothing happens.
Your surroundings suddenly seem different.
Unknown command.
You start resting.
The sentinel's mark upon you fades away.
You start resting.
A steam dragon is nearby!
The steam dragon breathes steam at you. The ball of steam hits you!
You die...

##.# #.......#.#
##.# #..<...##.#.#
...#####'#####.#.#
.#.....#.# #.#.#
.#.###.#.#####.#.#
.#.#......))...#.#
.#.#.#.#.#######.#
.#...#.#.# #.# ...#
#.#[#######@#
.#.###'#..D...ยงยง.#
.#.##...##########
.#..'....#
.####....#
.#.......#
.#.##....#
.#(##....#
.#.##....#


There were no monsters in sight!

Vanquished Creatures
  Harold (D:8)
  3 two-headed ogres
  Erica (D:8)
  Pikel (D:6)
  Joseph (D:7)
  6 yaks
  Duvessa (D:7)
  2 water moccasins (D:7)
  3 orc warriors (D:7)
  2 sky beasts
  4 ogres (D:5)
  2 necrophages (D:6)
  4 centaurs
  3 phantoms
  3 lemures (D:6)
  2 bullfrogs
  2 gnoll sergeants
  3 scorpions
  A wyvern zombie (D:7)
  A water moccasin zombie (D:7)
  Dowan (D:7)
  A wyvern skeleton (D:7)
  A water moccasin skeleton (D:7)
  A killer bee (D:7)
  6 wights
  2 centaur zombies
  A jelly (D:7)
  A bullfrog skeleton (D:3)
  3 orc priests
  3 hounds
  2 bullfrog zombies
  2 centaur skeletons
  2 iguanas
  Crazy Yiuf (D:6)
  3 orc wizards
  A scorpion zombie (D:5)
  A killer bee zombie (D:8)
  Robin (D:3)
  9 gnolls (D:4)
  A howler monkey skeleton (D:7)
  6 adders
  A river rat (D:6)
  A shadow imp (D:6)
  A white imp (D:8)
  2 worms
  A dart slug (D:3)
  16 orcs
  4 ball pythons
  2 bats
  8 endoplasms
  2 giant cockroaches
  16 goblins
  5 hobgoblins
  2 jackals (D:4)
  10 kobolds
  6 quokkas
  6 frilled lizards
  5 rats
183 creatures vanquished.

Vanquished Creatures (others)
  A fungus (D:7)
  3 plants (D:7)
4 creatures vanquished.

Grand Total: 187 creatures vanquished

Notes
Turn   | Place    | Note
-------+----------+-------------------------------------------
     0 | D:1      | freelancePsychic the Draconian Transmuter began the quest
                  | for the Orb.
     0 | D:1      | Reached XP level 1. HP: 16/16 MP: 3/3
   107 | D:1      | Reached XP level 2. HP: 11/23 MP: 3/5
  1719 | D:2      | Reached XP level 3. HP: 25/29 MP: 6/6
  1723 | D:2      | Learned a level 3 spell: Spider Form
  2647 | D:3      | Reached skill level 1 in Poison Magic
  2707 | D:3      | Reached XP level 4. HP: 37/37 MP: 5/7
  2858 | D:3      | Found Plog's General Store.
  2865 | D:3      | Reached XP level 5. HP: 45/45 MP: 6/8
  2865 | D:3      | Noticed Robin
  3068 | D:3      | Killed Robin
  3844 | D:4      | Reached skill level 4 in Unarmed Combat
  3996 | D:4      | Reached XP level 6. HP: 44/51 MP: 9/9
  4349 | D:4      | Found a white marble altar of Elyvilon.
  5004 | D:4      | Found a staircase to the Ecumenical Temple.
  5088 | Temple   | Entered the Ecumenical Temple
  5139 | Temple   | Became a worshipper of Ru the Awakened
  6243 | D:5      | Entered Level 5 of the Dungeon
  6516 | D:5      | Found an ancient bone altar of Kikubaaqudgha.
  6535 | D:5      | Your scales start taking on a golden yellow colour.
  6535 | D:5      | Reached XP level 7. HP: 51/59 MP: 6/10
  6535 | D:5      | Gained mutation: You are resistant to acid. (rCorr) [Yellow
                  | Draconian growth]
  6584 | D:5      | Reached skill level 5 in Unarmed Combat
  6956 | D:6      | Noticed a two-headed ogre
  6973 | D:6      | Found a runed translucent door.
  6974 | D:6      | Noticed Crazy Yiuf
  7326 | D:6      | Killed a two-headed ogre
  7327 | D:6      | Reached skill level 7 in Unarmed Combat
  7327 | D:6      | Reached XP level 8. HP: 32/66 MP: 8/11
  7747 | D:5      | Found an opulent altar of Gozag.
  7987 | D:5      | Reached skill level 5 in Fighting
  8231 | D:5      | Reached XP level 9. HP: 74/74 MP: 8/12
  8275 | D:5      | Gained mutation: You cannot be stealthy. [Ru sacrifice]
  8712 | D:6      | Identified the +8 whip of Vomafeos {vamp, rF+ Str-3 Dex+3}
  8869 | D:6      | Noticed Pikel
  8887 | D:6      | Killed Pikel
  8888 | D:6      | Reached skill level 5 in Transmutations
  9727 | D:6      | Killed Crazy Yiuf
 10088 | D:7      | Found a bloodstained altar of Trog.
 10130 | D:7      | Noticed Joseph
 10154 | D:7      | Killed Joseph
 10155 | D:7      | Reached skill level 1 in Ice Magic
 10414 | D:7      | Noticed Dowan
 10414 | D:7      | Noticed Duvessa
 10428 | D:7      | Killed Duvessa
 10431 | D:7      | Killed Dowan
 10551 | D:7      | Found a runed translucent gate.
 10551 | D:7      | Found a runed translucent gate.
 10551 | D:7      | Found a runed translucent gate.
 10552 | D:7      | Noticed pkoi's ghost (novice MiMo)
 10708 | D:7      | Reached XP level 10. HP: 67/84 MP: 11/13
 10929 | D:7      | Reached skill level 8 in Unarmed Combat
 11165 | D:7      | Learned a level 4 spell: Ice Form
 11977 | D:8      | Noticed Erica
 11998 | D:8      | Killed Erica
 12139 | D:8      | Noticed a two-headed ogre
 12158 | D:8      | Killed a two-headed ogre
 12159 | D:8      | Reached skill level 9 in Unarmed Combat
 12297 | D:8      | Noticed a two-headed ogre
 12313 | D:8      | Killed a two-headed ogre
 12696 | D:7      | Reached XP level 11. HP: 33/94 MP: 12/14
 13066 | D:8      | Noticed Harold
 13097 | D:8      | Killed Harold
 13113 | D:8      | HP: 2/95 [orc priest/divine providence (14)]
 13144 | D:8      | Killed from afar by a steam dragon

Illustrated notes

Levels and vault maps discovered:
D:1:      saegor_arrival_simple_d, layout_rooms
D:2:      layout_rooms
D:3:      layout_basic, serial_shops, nicolae_shop_crystal, uniq_robin
D:4:      layout_loops_corners, elyvilon_altar_3,
          minmay_temple_entry_antechambers, lightli_minifort
D:5:      layout_loops_corners, mainiacjoe_overflow_brackets,
          mainiacjoe_overflow_alcove_2, serial_rivers,
          chequers_serial_rivers_micro_a, chequers_serial_rivers_small_a,
          chequers_serial_rivers_micro_a, chequers_serial_rivers_micro_b,
          minmay_misc_feat_iff
D:6:      kennysheep_spiral_hall, layout_rooms, portal_sewer_entry_b,
          uniq_crazy_yiuf_cottage, uniq_pikel
D:7:      minmay_polygon_palace, layout_loops_ring,
          mainiacjoe_overflow_tiny_flanked, gammafunk_ghost_nasty_kobolds,
          uniq_duvessa, uniq_joseph
D:8:      layout_basic, eat_drink_and_be_merry_uskayaw, grunt_ogre_cave,
          uniq_harold, uniq_erica
D:9:      layout_basic, evilmike_ruin_ashenzari, david_lair_shrubbed
Temple:   regret_index_temple_waves

Skill      XL: |  1  2  3  4  5  6  7  8  9 10 |
---------------+-------------------------------+-----
Fighting       | 2 3 4 5 6 8 |  8.3
Poison Magic   | 1 2 |  2.0
Transmutations | 3 4 6 7 |  7.4
Dodging        | 2 3 6 7 8 |  8.5
Unarmed Combat | 4 7 9 |  9.7
Ice Magic      | 2 4 |  4.4
Spellcasting   | |  2.0

Action                   |  1- 3 |  4- 6 |  7- 9 | 10-12 || total
-------------------------+-------+-------+-------+-------++-------
Melee: Unarmed           |   157 |   212 |   204 |   160 ||   733
       Tailslap          |    15 |    16 |    11 |     2 ||    44
       Kick              |     9 |    17 |     1 |     6 ||    33
       Headbutt          |     4 |    11 |     1 |     3 ||    19
       Punch             |     2 |     3 |     4 |     2 ||    11
 Cast: Beastly Appendage |     9 |    10 |     2 |     2 ||    23
       Spider Form       |       |    13 |    27 |    11 ||    51
       Ice Form          |       |       |       |     5 ||     5
Invok: Sacrifice Stealth |       |       |     1 |       ||     1
 Abil: Breathe Acid      |       |       |     8 |     2 ||    10
       End Transformatio |       |       |     1 |     2 ||     3
Evoke: Wand              |       |       |       |     1 ||     1
  Use: Scroll            |     3 |     3 |     3 |     2 ||    11
       Potion            |       |       |       |     2 ||     2
Armor: Skin              |    34 |    56 |    17 |    20 ||   127
Dodge: Dodged            |    95 |   149 |   142 |    99 ||   485
